 Dungeon Crawl Stone Soup version 0.23.2-30-g0e89c35649 (webtiles) character file.

Game seed: 13167152473221062440

2017 TrebMcFLY the Arsonist (level 9, -10/47 HPs)
             Began as a Deep Elf Fire Elementalist on June 20, 2019.
             Was a Follower of Sif Muna.
             Mangled by a wraith (12 damage)
             ... on level 7 of the Dungeon.
             The game lasted 00:27:03 (7018 turns).

TrebMcFLY the Arsonist (Deep Elf Fire Elementalist) Turns: 7018, Time: 00:27:04

Health: -10/47     AC:  2    Str:  5    XL:     9   Next: 3%
Magic:  15/22      EV: 14    Int: 24    God:    Sif Muna [*.....]
Gold:   275        SH:  0    Dex: 15    Spells: 8/23 levels left

rFire    + . .     SeeInvis .   w - +4 long sword
rCold    x . .     Gourm    .   (no shield)
rNeg     . . .     Faith    .   a - +0 robe
rPois    .         Spirit   .   (no helmet)
rElec    .         Reflect  .   (no cloak)
rCorr    +         Harm     .   (no gloves)
MR       .....                  (no boots)
Stlth    +++.......             (no amulet)
HPRegen  0.15/turn              i - ring of fire
MPRegen  0.18/turn              h - ring of resist corrosion

@: slowed, divine energy, very slow
A: no striking features
a: Stop Divine Energy, Renounce Religion


You were on level 7 of the Dungeon.
You worshipped Sif Muna.
Sif Muna was aware of your devotion.
You were hungry.

You visited 2 branches of the dungeon, and saw 8 of its levels.

You collected 275 gold pieces.

Inventory:

Hand Weapons
 b - a +1 dagger of flaming
 w - a +4 long sword (weapon)
Armour
 a - a +0 robe (worn)
 y - a +0 pair of boots
 E - a +0 buckler
Jewellery
 h - a ring of resist corrosion (right hand)
 i - a ring of fire (left hand)
Wands
 j - a wand of flame (8)
 s - a wand of random effects (22)
 x - a wand of acid (5)
Scrolls
 e - a scroll of identify
 f - a scroll of fog {unknown}
 g - 2 scrolls of enchant armour {unknown}
 k - a scroll of blinking {unknown}
 m - a scroll of amnesia {unknown}
 q - 3 scrolls of remove curse
 r - 3 scrolls of teleportation {unknown}
 z - a scroll of torment {unknown}
 B - a scroll of fear {unknown}
 D - a scroll of magic mapping {unknown}
Potions
 d - 2 potions of brilliance
 l - 3 potions of agility
 n - 2 potions of might
 o - a potion of haste
 p - a potion of magic
 t - 3 potions of degeneration
 u - a potion of invisibility {unknown}
 v - a potion of heal wounds
 A - 4 potions of mutation
 C - 3 potions of curing
 F - 2 potions of flight {unknown}
 G - 2 potions of lignification {unknown}
Comestibles
 c - 13 rations


   Skills:
 + Level 1.5 Fighting
 + Level 3.5 Dodging
 + Level 3.8 Stealth
 + Level 1.5 Shields
 + Level 7.5 Spellcasting
 + Level 5.8 Conjurations
 * Level 8.9 Fire Magic
 + Level 2.1 Invocations


You had 8 spell levels left.
You knew the following spells:

 Your Spells              Type           Power        Failure   Level  Hunger
a - Flame Tongue          Conj/Fire      #####        1%          1    None
b - Throw Flame           Conj/Fire      ######       1%          2    None
c - Conjure Flame         Conj/Fire      ######..     1%          3    None
d - Sticky Flame          Conj/Fire      ######..     3%          4    ###....
e - Fireball              Conj/Fire      ######....   9%          5    #####..

Your spell library contained the following spells:

 Spells                   Type           Power        Failure   Level  Hunger
 Inner Flame              Hex/Fire       #####...     3%          3    None


Dungeon Overview and Level Annotations

Branches:
Dungeon (7/15)             Temple (1/1) D:6

Altars:
Ashenzari
Cheibriados
Elyvilon
Fedhas
Gozag
Hepliaklqana
Kikubaaqudgha
Makhleb
Nemelex Xobeh
Okawaru
Qazlal
Ru
Sif Muna
Trog
Uskayaw
Vehumet
Wu Jian
Xom
Yredelemnul
Zin
The Shining One

Annotations:
D:5 Eustachio, Pikel


Message History

The flame tongue hits the wraith but does no damage.
The wraith is almost destroyed.
The wraith hits you!
A wraith comes into view.
The wraith misses you.
Casting: Flame Tongue (safe; 1% risk of failure)
Confirm with . or Enter, or press ? or * to list all spells.
Okay, then.
The wraith hits you!
* * * LOW HITPOINT WARNING * * *
The wraith drains your vigour!
You feel as though you will be slow longer.
The wraith hits you.
* * * LOW HITPOINT WARNING * * *
The wraith drains your vigour!
You feel as though you will be slow longer.
As you read the scroll labeled JOETEF UROKHLOTS, it crumbles to dust.
You feel blessed for a moment.
It was a scroll of remove curse.
The wraith hits you!
You die...

### #.. #.# #.#
##.######## #..........
#.(##########
#.#.@#.W##..# #########
##.#.#W.#.W#
#.......####..##.#####W#
#.#####.......##.# .#
#.# ######..#.## #W #.#
#..## ## ..# #..# ###
#..# #..#


You could see a wraith.

Vanquished Creatures
  A hippogriff (D:3)
  A wraith (D:7)
  A water moccasin (D:6)
  An orc warrior (D:6)
  2 ogres
  4 bullfrogs (D:6)
  A scorpion (D:4)
  7 wights (D:6)
  A howler monkey (D:4)
  A bullfrog zombie (D:6)
  3 hounds
  A bullfrog skeleton (D:4)
  3 orc wizards
  2 iguanas (D:6)
  Ijyb (D:3)
  Natasha (thrice) (D:2)
  2 worker ants
  A hound zombie (D:6)
  8 adders
  A gnoll (D:4)
  2 oozes
  An adder skeleton (D:4)
  4 worms
  6 dart slugs
  6 leopard geckos
  16 orcs
  8 bats
  5 giant cockroaches
  8 hobgoblins
  6 jackals
  3 quokkas
  A ball python (D:4)
  9 frilled lizards
  13 goblins
  7 kobolds
  A leopard gecko skeleton (D:4)
  A quokka skeleton (D:6)
  6 rats
148 creatures vanquished.

Notes
Turn   | Place    | Note
-------+----------+-------------------------------------------
     0 | D:1      | TrebMcFLY the Deep Elf Fire Elementalist began the quest
                  | for the Orb.
     0 | D:1      | Reached XP level 1. HP: 10/10 MP: 6/6
   147 | D:1      | Reached XP level 2. HP: 15/15 MP: 4/8
   151 | D:1      | Learned a level 2 spell: Throw Flame
   522 | D:1      | Reached skill level 4 in Fire Magic
   526 | D:1      | Reached XP level 3. HP: 9/19 MP: 1/10
   706 | D:1      | Learned a level 3 spell: Conjure Flame
  1230 | D:2      | Reached XP level 4. HP: 24/24 MP: 6/11
  1473 | D:2      | Noticed Natasha
  1475 | D:2      | Killed Natasha
  1638 | D:2      | Noticed Natasha
  1641 | D:2      | Killed Natasha
  1641 | D:2      | Reached skill level 5 in Fire Magic
  1685 | D:2      | Learned a level 4 spell: Sticky Flame
  1699 | D:2      | Reached XP level 5. HP: 28/28 MP: 4/13
  2227 | D:2      | Noticed Natasha
  2230 | D:2      | Killed Natasha
  2343 | D:3      | Noticed a hippogriff
  2548 | D:3      | Noticed Ijyb
  2553 | D:3      | Killed Ijyb
  2648 | D:3      | Found a shattered altar of Ashenzari.
  2931 | D:4      | Reached XP level 6. HP: 26/32 MP: 7/15
  3186 | D:4      | Found a sparkling altar of Nemelex Xobeh.
  3229 | D:4      | Reached skill level 5 in Spellcasting
  3229 | D:4      | Reached skill level 6 in Fire Magic
  3318 | D:4      | Learned a level 5 spell: Fireball
  3636 | D:4      | Reached XP level 7. HP: 36/36 MP: 10/17
  3685 | D:3      | Killed a hippogriff
  3685 | D:3      | Reached skill level 7 in Fire Magic
  4014 | D:5      | Entered Level 5 of the Dungeon
  4024 | D:5      | Found an iron altar of Okawaru.
  4312 | D:6      | Found a hazy altar of Hepliaklqana.
  4476 | D:6      | Found a sacrificial altar of Ru.
  4599 | D:5      | Noticed Eustachio
  4642 | D:5      | Noticed Pikel
  4757 | D:6      | Found a staircase to the Ecumenical Temple.
  4764 | Temple   | Entered the Ecumenical Temple
  5009 | Temple   | Became a worshipper of Sif Muna the Loreminder
  5179 | D:6      | Reached skill level 5 in Conjurations
  5179 | D:6      | Reached XP level 8. HP: 41/41 MP: 7/20
  5365 | D:6      | Reached skill level 8 in Fire Magic
  6026 | D:6      | Reached skill level 1 in Invocations
  6144 | D:6      | Reached skill level 1 in Shields
  6149 | D:6      | Reached * piety under Sif Muna
  6149 | D:6      | Reached skill level 1 in Fighting
  6913 | D:7      | Reached XP level 9. HP: 26/47 MP: 5/22
  7017 | D:7      | HP: 2/47 [wraith (6)]
  7018 | D:7      | Mangled by a wraith

Skill      XL: |  1  2  3  4  5  6  7  8 |
---------------+-------------------------+-----
Fire Magic     | 4 5 6 7 8 |  8.9
Conjurations   | 2 3 4 5 |  5.8
Spellcasting   | 4 5 6 7 |  7.5
Stealth        | 3 |  3.8
Invocations    | 2 |  2.1
Dodging        | 3 |  3.5
Shields        | 1 |  1.5
Fighting       | 1 |  1.5

Action                   |  1- 3 |  4- 6 |  7- 9 || total
-------------------------+-------+-------+-------++-------
Melee: Dagger            |     8 |       |       ||     8
       Long sword        |       |       |     5 ||     5
 Cast: Flame Tongue      |    32 |    59 |    72 ||   163
       Throw Flame       |    24 |    45 |    53 ||   122
       Sticky Flame      |       |     5 |    17 ||    22
       Fireball          |       |       |     2 ||     2
       Conjure Flame     |       |       |     1 ||     1
Invok: Divine Energy     |       |       |     1 ||     1
  Use: Scroll            |       |       |     8 ||     8
  Eat: Chunk             |     2 |     8 |    12 ||    22
Armor: Robe              |     4 |     2 |     1 ||     7
Dodge: Dodged            |     8 |    11 |    21 ||    40
       Rpst.: Long sword |       |       |     5 ||     5
